TOP OF THE 1ST |
University of Arizona Wildcats batting - Pitching for Fresno State University Bulldogs : RHP Adrian Foreman
|
Pitching: RHP Adrian Foreman
|
|
Batting: SHB Eric Kelley
|
0-0: Called Strike 0-1: Ball 1-1: Fly out, F3 (Popup, 34, EV 61.3 MPH)
|
Batting: RHB Costantino Dolfini
|
0-0: Foul Ball, location: 2F 0-1: Ball 1-1: Ball 2-1: Foul Ball, location: 2F 2-2: Fly out, F8 (Flyball, 78S, EV 74.4 MPH)
|
Batting: LHB Cody Humphries
|
0-0: Called Strike 0-1: Foul Ball, location: 2F 0-2: Ball 1-2: Ball 2-2: Strikes out looking
|
Top of the 1st over - 0 runs, 0 hits, 0 errors, 0 left on base; University of Arizona 0 - Fresno State University 0 |
BOTTOM OF THE 1ST |
Fresno State University Bulldogs batting - Pitching for University of Arizona Wildcats : RHP Andy Garvin
|
Pitching: RHP Andy Garvin
|
|
Batting: RHB Janne Vihko
|
0-0: Called Strike 0-1: Swinging Strike 0-2: Ball 1-2: Foul Ball, location: 2F 1-2: Ball 2-2: Foul Ball, location: 2F 2-2: Strikes out swinging
|
Batting: RHB Wali Mulogo
|
0-0: Called Strike 0-1: Called Strike 0-2: Fly out, F9 (Flyball, 9LM, EV 90.0 MPH)
|
Batting: RHB Todd Vanasco
|
0-0: Swinging Strike 0-1: Ball 1-1: SINGLE (Groundball, 56D, EV 101.9 MPH)
|
Batting: RHB Phil Hamby
|
0-0: Called Strike 0-1: Ball 1-1: Ball 2-1: Ball 3-1: Base on Balls Todd Vanasco to second
|
Batting: RHB Ryan Miller
|
0-0: Swinging Strike 0-1: Ball 1-1: Swinging Strike 1-2: Foul Ball, location: 2F 1-2: Ball 2-2: Strikes out swinging
|
Bottom of the 1st over - 0 runs, 1 hit, 0 errors, 2 left on base; University of Arizona 0 - Fresno State University 0 |
TOP OF THE 2ND |
University of Arizona Wildcats batting - Pitching for Fresno State University Bulldogs : RHP Adrian Foreman
|
Batting: LHB Daigo Ishii
|
0-0: Ball 1-0: Fly out, F9 (Line Drive, 9, EV 85.6 MPH)
|
Batting: RHB Carlos Teniente
|
0-0: Ball 1-0: Foul Ball, location: 2F 1-1: Ball 2-1: Foul Ball, location: 2F 2-2: Ground out U3 (Groundball, 34S, EV 72.5 MPH)
|
Batting: RHB Allen Deschamps
|
0-0: Ball 1-0: Ball 2-0: Swinging Strike 2-1: Ball 3-1: Foul Ball, location: 2F 3-2: Strikes out looking
|
Top of the 2nd over - 0 runs, 0 hits, 0 errors, 0 left on base; University of Arizona 0 - Fresno State University 0 |
BOTTOM OF THE 2ND |
Fresno State University Bulldogs batting - Pitching for University of Arizona Wildcats : RHP Andy Garvin
|
Batting: LHB Vinny Rivera
|
0-0: Foul Ball, location: 2F 0-1: Ball 1-1: Foul Ball, location: 2F 1-2: Strikes out swinging
|
Batting: RHB Tony Aguiar
|
0-0: Fly out, F7 (Flyball, 78M, EV 91.3 MPH)
|
Batting: SHB Andres Agudo
|
0-0: Called Strike 0-1: Ball 1-1: SINGLE (Groundball, 6D, EV 93.8 MPH)
|
Batting: SHB Jack Tierney
|
0-0: Ball 1-0: Ground out U3 (Groundball, 3, EV 86.9 MPH)
|
Bottom of the 2nd over - 0 runs, 1 hit, 0 errors, 1 left on base; University of Arizona 0 - Fresno State University 0 |
TOP OF THE 3RD |
University of Arizona Wildcats batting - Pitching for Fresno State University Bulldogs : RHP Adrian Foreman
|
Batting: RHB Kevin Steed
|
0-0: Ball 1-0: Fly out, F7 (Flyball, 7, EV 80.0 MPH)
|
Batting: SHB Cesar Pelayo
|
0-0: Called Strike 0-1: Foul Ball, location: 2F 0-2: Strikes out swinging
|
Batting: RHB Vinny Olivo
|
0-0: Ball 1-0: Ball 2-0: Ground out U3 (Groundball, 34S, EV 68.1 MPH)
|
Top of the 3rd over - 0 runs, 0 hits, 0 errors, 0 left on base; University of Arizona 0 - Fresno State University 0 |
BOTTOM OF THE 3RD |
Fresno State University Bulldogs batting - Pitching for University of Arizona Wildcats : RHP Andy Garvin
|
Batting: RHB Janne Vihko
|
0-0: Called Strike 0-1: Ball 1-1: Fly out, F8 (Flyball, 8LD, EV 104.4 MPH)
|
Batting: RHB Wali Mulogo
|
0-0: Ball 1-0: Foul Ball, location: 2F 1-1: Ground out 5-3 (Groundball, 56, EV 83.8 MPH)
|
Batting: RHB Todd Vanasco
|
0-0: Called Strike 0-1: Swinging Strike 0-2: DOUBLE (Flyball, 78XD, EV 96.3 MPH)
|
Batting: RHB Phil Hamby
|
0-0: Called Strike 0-1: Ground out 5-3 (Groundball, 56, EV 88.8 MPH)
|
Bottom of the 3rd over - 0 runs, 1 hit, 0 errors, 1 left on base; University of Arizona 0 - Fresno State University 0 |
TOP OF THE 4TH |
University of Arizona Wildcats batting - Pitching for Fresno State University Bulldogs : RHP Adrian Foreman
|
Batting: SHB Eric Kelley
|
0-0: Ball 1-0: Ball 2-0: Ball 3-0: Swinging Strike 3-1: Base on Balls
|
Batting: RHB Costantino Dolfini
|
0-0: Called Strike 0-1: Ball 1-1: Ball 2-1: Foul Ball, location: 2F 2-2: Ball 3-2: Base on Balls Eric Kelley to second
|
Batting: LHB Cody Humphries
|
0-0: Ball 1-0: Ball 2-0: Fielders Choice at 2nd, 3-6 (Groundball, 34, EV 98.8 MPH) Eric Kelley to third
|
Batting: LHB Daigo Ishii
|
0-0: Foul Ball, location: 2F 0-1: Called Strike 0-2: Ball 1-2: Strikes out swinging
|
Batting: RHB Carlos Teniente
|
0-0: Ball 1-0: Ball 2-0: Swinging Strike 2-1: Foul Ball, location: 2F 2-2: Ball 3-2: Base on Balls Cody Humphries to second
|
Batting: RHB Allen Deschamps
|
0-0: Foul Ball, location: 2F 0-1: Called Strike 0-2: Fielders Choice at 2nd, 6-4 (Groundball, 6, EV 101.9 MPH)
|
Top of the 4th over - 0 runs, 0 hits, 0 errors, 3 left on base; University of Arizona 0 - Fresno State University 0 |
BOTTOM OF THE 4TH |
Fresno State University Bulldogs batting - Pitching for University of Arizona Wildcats : RHP Andy Garvin
|
Batting: RHB Ryan Miller
|
0-0: Ball 1-0: Ground out 4-3 (Groundball, 34, EV 106.3 MPH)
|
Batting: LHB Vinny Rivera
|
0-0: Called Strike 0-1: Foul Ball, location: 2F 0-2: Strikes out swinging
|
Batting: RHB Tony Aguiar
|
0-0: Foul Ball, location: 2F 0-1: Ball 1-1: Swinging Strike 1-2: Ball 2-2: Strikes out swinging
|
Bottom of the 4th over - 0 runs, 0 hits, 0 errors, 0 left on base; University of Arizona 0 - Fresno State University 0 |
TOP OF THE 5TH |
University of Arizona Wildcats batting - Pitching for Fresno State University Bulldogs : RHP Adrian Foreman
|
Pitching: RHP Dan Jenkins
|
|
Batting: RHB Kevin Steed
|
0-0: Foul Ball, location: 2F 0-1: Foul Ball, location: 2F 0-2: Fly out, F8 (Flyball, 8RM, EV 93.8 MPH)
|
Batting: SHB Cesar Pelayo
|
0-0: Swinging Strike 0-1: Ball 1-1: Swinging Strike 1-2: Ball 2-2: Foul Ball, location: 2F 2-2: Ball 3-2: Strikes out swinging
|
Batting: RHB Vinny Olivo
|
0-0: Ground out 6-3 (Groundball, 6, EV 86.9 MPH)
|
Top of the 5th over - 0 runs, 0 hits, 0 errors, 0 left on base; University of Arizona 0 - Fresno State University 0 |
BOTTOM OF THE 5TH |
Fresno State University Bulldogs batting - Pitching for University of Arizona Wildcats : RHP Andy Garvin
|
Pitching: RHP Jose Arcos
|
|
Batting: SHB Andres Agudo
|
0-0: Ball 1-0: Ball 2-0: Swinging Strike 2-1: Foul Ball, location: 2F 2-2: Strikes out swinging
|
Batting: SHB Jack Tierney
|
0-0: Ground out U3 (Groundball, 34, EV 96.9 MPH)
|
Batting: RHB Janne Vihko
|
0-0: Bunt for hit to 23 - play at first, batter OUT! 3-4
|
Bottom of the 5th over - 0 runs, 0 hits, 0 errors, 0 left on base; University of Arizona 0 - Fresno State University 0 |
TOP OF THE 6TH |
University of Arizona Wildcats batting - Pitching for Fresno State University Bulldogs : RHP Dan Jenkins
|
Batting: SHB Eric Kelley
|
0-0: Ground out U3 (Groundball, 34S, EV 79.4 MPH)
|
Batting: RHB Costantino Dolfini
|
0-0: Called Strike 0-1: Foul Ball, location: 2F 0-2: Ball 1-2: Strikes out swinging
|
Pitching: LHP Jesse Turner
|
|
Batting: LHB Cody Humphries
|
0-0: Ball 1-0: Ball 2-0: Foul Ball, location: 2F 2-1: SINGLE (Line Drive, 56D, EV 105.6 MPH)
|
Batting: LHB Daigo Ishii
|
0-0: Ball 1-0: Foul Ball, location: 2F 1-1: Ball 2-1: Foul Ball, location: 2F 2-2: Foul Ball, location: 2F 2-2: SINGLE (Groundball, P, EV 84.4 MPH) (infield hit) Cody Humphries to second
|
Pitching: RHP David Alferez
|
|
Batting: RHB Carlos Teniente
|
0-0: Ball 1-0: Swinging Strike 1-1: SINGLE (Flyball, 8RS, EV 85.6 MPH) Cody Humphries to third Daigo Ishii to second
|
Pinch Hitting: LHB Bruce Arvizu
|
0-0: Called Strike 0-1: Swinging Strike 0-2: Ball 1-2: Ball 2-2: Strikes out looking
|
Top of the 6th over - 0 runs, 3 hits, 0 errors, 3 left on base; University of Arizona 0 - Fresno State University 0 |
BOTTOM OF THE 6TH |
Fresno State University Bulldogs batting - Pitching for University of Arizona Wildcats : RHP Jose Arcos
|
Now at 3B: Abdel Ambar
|
|
Batting: RHB Wali Mulogo
|
0-0: Ball 1-0: Ball 2-0: Ball 3-0: Base on Balls
|
Batting: RHB Todd Vanasco
|
0-0: Ball 1-0: Called Strike 1-1: Foul Ball, location: 2F 1-2: Foul Ball, location: 2F 1-2: Ball 2-2: Foul Ball, location: 2F 2-2: Foul Ball, location: 2F 2-2: Ball 3-2: Fly out, F9 (Line Drive, 9D, EV 91.9 MPH)
|
Batting: RHB Phil Hamby
|
0-0: Ball 1-0: Ball 2-0: Ball 3-0: Called Strike 3-1: Called Strike 3-2: Base on Balls Wali Mulogo to second
|
Batting: RHB Ryan Miller
|
0-0: Fly out, F8 (Flyball, 8RM, EV 95.0 MPH)
|
Batting: LHB Vinny Rivera
|
0-0: Foul Ball, location: 2F 0-1: Foul Ball, location: 2F 0-2: Ball 1-2: Ball 2-2: Foul Ball, location: 2F 2-2: Foul Ball, location: 2F 2-2: Reached on error, E5 (Groundball, 56, EV 96.9 MPH) Wali Mulogo to third Phil Hamby to second
|
Pinch Hitting: RHB Tommy Tracy
|
0-0: Foul Ball, location: 2F 0-1: Swinging Strike 0-2: Fielders Choice at 2nd, 6-4 (Groundball, 6, EV 93.1 MPH)
|
Bottom of the 6th over - 0 runs, 0 hits, 1 error, 3 left on base; University of Arizona 0 - Fresno State University 0 |
TOP OF THE 7TH |
University of Arizona Wildcats batting - Pitching for Fresno State University Bulldogs : RHP David Alferez
|
Now in RF: Juan Gallegos
|
|
Pinch Hitting: LHB William Gonzales
|
0-0: Foul Ball, location: 2F 0-1: Swinging Strike 0-2: Strikes out swinging
|
Batting: SHB Cesar Pelayo
|
0-0: Swinging Strike 0-1: Ball 1-1: Foul Ball, location: 2F 1-2: Ball 2-2: Ground out 4-3 (Groundball, 34D, EV 99.4 MPH)
|
Batting: RHB Vinny Olivo
|
0-0: Swinging Strike 0-1: Ball 1-1: SOLO HOME RUN (Flyball, 7LD, EV 98.8 MPH), Distance : 380 ft
|
Batting: SHB Eric Kelley
|
0-0: Called Strike 0-1: Swinging Strike 0-2: Strikes out swinging
|
Top of the 7th over - 1 run, 1 hit, 0 errors, 0 left on base; University of Arizona 1 - Fresno State University 0 |
BOTTOM OF THE 7TH |
Fresno State University Bulldogs batting - Pitching for University of Arizona Wildcats : RHP Jose Arcos
|
Pitching: RHP Oscar Cintron
|
|
Now at 1B: Asfour bin Sabih
|
|
Batting: SHB Andres Agudo
|
0-0: Swinging Strike 0-1: Ground out U3 (Groundball, 3S, EV 68.1 MPH)
|
Pinch Hitting: RHB Miguel Velasco
|
0-0: Called Strike 0-1: Foul Ball, location: 2F 0-2: Ball 1-2: Ball 2-2: Foul Ball, location: 2F 2-2: Ground out U3 (Groundball, 3L, EV 103.8 MPH)
|
Pinch Hitting: RHB Andrew Pride
|
0-0: Ball 1-0: Ground out 5-3 (Groundball, 56S, EV 86.9 MPH)
|
Bottom of the 7th over - 0 runs, 0 hits, 0 errors, 0 left on base; University of Arizona 1 - Fresno State University 0 |
TOP OF THE 8TH |
University of Arizona Wildcats batting - Pitching for Fresno State University Bulldogs : RHP David Alferez
|
Pitching: LHP Dave Waiters
|
|
Now at 1B: Miguel Velasco
|
|
Now in LF: Andrew Pride
|
|
Now in CF: Vinny Rivera
|
|
Pinch Hitting: RHB Yoshihasa Kojima
|
0-0: Called Strike 0-1: SINGLE (Groundball, 6S, EV 70.6 MPH) (infield hit)
|
Pinch Hitting: RHB Yong Kim
|
0-0: Fly out, F7 (Flyball, 7LM, EV 88.1 MPH)
|
Batting: SHB Greg Rivera
|
0-0: Ball 1-0: Ball 2-0: Ball 3-0: Base on Balls Yoshihasa Kojima to second
|
Batting: RHB Carlos Teniente
|
0-0: Called Strike 0-1: SINGLE (Line Drive, 8RS, EV 106.9 MPH) Yoshihasa Kojima to third Greg Rivera to second Runner from 3rd tries for Home, SAFE, throw by CF to home
|
Batting: RHB Abdel Ambar
|
0-0: Swinging Strike 0-1: Called Strike 0-2: Strikes out swinging
|
Batting: LHB Asfour bin Sabih
|
0-0: Ball 1-0: Ball 2-0: Fielders Choice at 2nd, 5-4 (Groundball, 56, EV 99.4 MPH)
|
Top of the 8th over - 1 run, 2 hits, 0 errors, 2 left on base; University of Arizona 2 - Fresno State University 0 |
BOTTOM OF THE 8TH |
Fresno State University Bulldogs batting - Pitching for University of Arizona Wildcats : RHP Oscar Cintron
|
Now at 2B: Yong Kim
|
|
Now in CF: Yoshihasa Kojima
|
|
Batting: LHB Mike Roberts
|
0-0: Ball 1-0: Called Strike 1-1: Ball 2-1: Foul Ball, location: 2F 2-2: Fly out, F6 (Popup, 6MS, EV 76.9 MPH)
|
Batting: RHB Todd Vanasco
|
0-0: Ball 1-0: Foul Ball, location: 2F 1-1: Ball 2-1: Foul Ball, location: 2F 2-2: Ball 3-2: Fly out, F3 (Popup, 3SF, EV 86.9 MPH)
|
Pinch Hitting: SHB Javy Franco
|
0-0: Called Strike 0-1: SINGLE (Flyball, 89S, EV 92.5 MPH)
|
Batting: RHB Ryan Miller
|
0-0: Ball 1-0: Ball 2-0: Fly out, F9 (Flyball, 9S, EV 74.4 MPH)
|
Bottom of the 8th over - 0 runs, 1 hit, 0 errors, 1 left on base; University of Arizona 2 - Fresno State University 0 |
TOP OF THE 9TH |
University of Arizona Wildcats batting - Pitching for Fresno State University Bulldogs : LHP Dave Waiters
|
Pitching: LHP David Ayala
|
|
Now at 2B: Javy Franco
|
|
Batting: SHB Cesar Pelayo
|
0-0: Called Strike 0-1: Foul Ball, location: 2F 0-2: Ball 1-2: Foul Ball, location: 2F 1-2: Strikes out swinging
|
Batting: RHB Vinny Olivo
|
0-0: Called Strike 0-1: Called Strike 0-2: Strikes out swinging
|
Batting: SHB Eric Kelley
|
0-0: Called Strike 0-1: Called Strike 0-2: Strikes out swinging
|
Top of the 9th over - 0 runs, 0 hits, 0 errors, 0 left on base; University of Arizona 2 - Fresno State University 0 |
BOTTOM OF THE 9TH |
Fresno State University Bulldogs batting - Pitching for University of Arizona Wildcats : RHP Oscar Cintron
|
Pitching: RHP Mike Adler
|
|
Pinch Hitting: RHB Cale Fallon
|
0-0: Ball 1-0: Foul Ball, location: 2F 1-1: Foul Ball, location: 2F 1-2: Strikes out swinging
|
Batting: RHB Juan Gallegos
|
0-0: Called Strike 0-1: Called Strike 0-2: Ball 1-2: Foul Ball, location: 2F 1-2: Ball 2-2: Strikes out swinging
|
Pinch Hitting: RHB Minoru Matsumoto
|
0-0: Called Strike 0-1: SINGLE (Line Drive, 6MD, EV 105.0 MPH)
|
Batting: RHB Miguel Velasco
|
0-0: Ball 1-0: Called Strike 1-1: Foul Ball, location: 2F 1-2: Ball 2-2: Fly out, F7 (Flyball, 78XD, EV 90.6 MPH)
|
Bottom of the 9th over - 0 runs, 1 hit, 0 errors, 1 left on base; University of Arizona 2 - Fresno State University 0 |
|